 Dungeon Sprint DCSS version 0.27.1-33-g824d729ab1 (webtiles) character file.

Game seed: 5432662996901790318

625 Hipnos the Unseen (level 7, -5/43 HPs)
             Began as a Gargoyle Brigand on Dec 2, 2021.
             Was an Initiate of Okawaru.
             Slain by Sonja (8 damage)
             ... in the Dungeon (Sprint I: "Red Sonja").
             The game lasted 00:02:19 (693 turns).

Hipnos the Unseen (Gargoyle Brigand)                 Turns: 693, Time: 00:02:20

Health: -5/43      AC:  7    Str: 14    XL:     7   Next: 47%
Magic:  7/7        EV: 12    Int: 12    God:    Okawaru [......]
Gold:   405        SH:  0    Dex: 13    Spells: 6/6 levels left

rFire    . . .     SeeInvis .   a - +2 dagger
rCold    . . .     Faith    .   (no shield)
rNeg     + . .     Spirit   .   b - +0 robe
rPois    ∞         Reflect  .   (no helmet)
rElec    +         Harm     .   c - +0 cloak
rCorr    .         Rampage  .   (no gloves)
Will     .....     NoTele   +   (no boots)
Stlth    ++++++....             (no amulet)
HPRegen  0.14/turn              (no ring)
MPRegen  0.10/turn              (no ring)

@: no status effects
A: sickness immunity, AC +4, negative energy resistance 1, electricity
resistance, torment resistance 1, petrification resistance
a: Renounce Religion


You were in the Dungeon.
You worshipped Okawaru.
Okawaru was noncommittal.
You visited 1 branch You collected 405 gold pieces.

Inventory:

Hand Weapons
 a - a +2 dagger (weapon)
Missiles
 e - 6 poisoned darts (quivered)
Armour
 b - a +0 robe (worn)
 c - a +0 cloak (worn)
Wands
 j - a wand of digging (6)
Scrolls
 k - a scroll of blinking
 m - a scroll of magic mapping {unknown}
Potions
 d - a potion of attraction {unknown}
 f - a potion of curing
 g - 3 potions of heal wounds
 h - a potion of haste
 i - 2 potions of magic


   Skills:
 + Level 4.2 Fighting
 + Level 3.3 Short Blades
 + Level 5.2 Throwing
 + Level 1.5 Dodging
 * Level 16.0 Stealth


You had 6 spell levels left.
You didn't know any spells.
Your spell library was empty.

Dungeon Overview and Level Annotations

Branches:
Dungeon (1/1)

Altars:
Cheibriados
Dithmenos
Elyvilon
Fedhas
Gozag
Hepliaklqana
Kikubaaqudgha
Makhleb
Nemelex Xobeh
Okawaru
Qazlal
Ru
Sif Muna
Trog
Uskayaw
Vehumet
Wu Jian
Xom
Yredelemnul
Zin
The Shining One
Jiyva
Lugonu

Shops:
D (

Annotations:
D Sonja


Innate Abilities, Weirdness & Mutations

You are immune to sickness and miasma.
Your stone body is resilient. (AC +4)
You are immune to poison.
You resist negative energy. (rN+)
You are resistant to electric shocks. (rElec)
You are resistant to unholy torment.
You are immune to petrification.


Message History

You now have 324 gold pieces (gained 27).
You now have 351 gold pieces (gained 27).
You now have 378 gold pieces (gained 27).
You now have 405 gold pieces (gained 27).
There is an open door here.
There is an open door here.
There is an open door here.
You see here 22 arrows.
You open the door.
Sonja, the Graceful Assassin comes into view.
She is wielding a +2 dagger of distortion, quivering curare-tipped darts and carrying a wand of digging (9).
Sonja shouts!
Sonja throws a curare-tipped dart.
The curare-tipped dart hits you.
Found 108 gold pieces.
Throw: 2 darts (curare)
Press: ? - help, Q - select action, (/) - cycle Shift-Dir - straight line, f - Sonja
Aim: Sonja, wielding a +2 dagger of distortion, quivering curare-tipped darts and carrying a wand of digging (9) (13% to hit)
You throw a curare-tipped dart.
The curare-tipped dart closely misses Sonja.
Sonja mumbles some strange words.
Sonja blinks!
Throw: dart (curare)
Press: ? - help, Q - select action, (/) - cycle Shift-Dir - straight line, f/p - Sonja
Aim: Sonja, wielding a +2 dagger of distortion, quivering curare-tipped darts and carrying a wand of digging (9) (13% to hit)
You throw a curare-tipped dart. The curare-tipped dart misses Sonja.
Sonja hits you with a +2 dagger of distortion.
Sonja closely misses you.
Sonja hits you with a +2 dagger of distortion.
Throw: 7 darts (poison)
Press: ? - help, Q - select action Shift-Dir - straight line, f/p - Sonja
Aim: Sonja, wielding a +2 dagger of distortion, quivering curare-tipped darts and carrying a wand of digging (9) (13% to hit)
You throw a poisoned dart. The poisoned dart misses Sonja.
Sonja hits you with a +2 dagger of distortion. x2
Space warps horribly around you! Sonja hits you but does no damage.
Space warps horribly around you!
Sonja hits you with a +2 dagger of distortion.
* * * LOW HITPOINT WARNING * * *
Space bends around you!
* * * LOW HITPOINT WARNING * * *
Sonja hits you but does no damage. Space warps horribly around you!
You die...

######################
#<.#..').#..'..#__#..+
#..').#..'..#..'..'..#
#..#####'#####'#__####
#.)####..#...#.####
#..#__####..##(#
#..#_____##'#_(+
#⌠⌠#_.∩...'..K_#
####_..__##_@#'#
#_____###'#.# #######
#.### $.$ $§$ ##(##
#+#


You could see Sonja.

Vanquished Creatures
  A slime creature (D)
  Sigmund (D)
  A yak (D)
  An ogre (D)
  A jelly (D)
  Ijyb (D)
6 creatures vanquished.

Vanquished Creatures (others)
  A hornet (D)
1 creature vanquished.

Grand Total: 7 creatures vanquished

Notes
Turn   | Place    | Note
-------+----------+-------------------------------------------
     0 | D        | Hipnos the Gargoyle Brigand began the quest for the Orb.
     0 | D        | Reached XP level 1. HP: 12/12 MP: 1/1
     1 | D        | Noticed Ijyb
    12 | D        | Killed Ijyb
    13 | D        | Reached skill level 7 in Stealth
    13 | D        | Reached XP level 2. HP: 18/18 MP: 2/2
    68 | D        | Noticed an ogre
    74 | D        | Killed an ogre
    75 | D        | Reached skill level 1 in Dodging
    75 | D        | Reached skill level 10 in Stealth
    75 | D        | Reached XP level 3. HP: 3/23 MP: 3/3
    75 | D        | Reached XP level 4. HP: 4/28 MP: 4/4
   334 | D        | Noticed Sigmund
   358 | D        | Killed Sigmund
   359 | D        | Reached skill level 13 in Stealth
   359 | D        | Reached XP level 5. HP: 13/33 MP: 5/5
   359 | D        | Reached XP level 6. HP: 15/38 MP: 6/6
   560 | D        | Found an ornate altar of the Wu Jian Council.
   560 | D        | Found a shimmering blue altar of Sif Muna.
   562 | D        | Found a radiant altar of Vehumet.
   569 | D        | Found Obbiyri's Weapon Emporium.
   569 | D        | Found an ancient bone altar of Kikubaaqudgha.
   569 | D        | Found a hazy altar of Hepliaklqana.
   569 | D        | Found a stormy altar of Qazlal.
   569 | D        | Found a hide-covered altar of Uskayaw.
   569 | D        | Found a blossoming altar of Fedhas.
   569 | D        | Found a bloodstained altar of Trog.
   569 | D        | Found an iron altar of Okawaru.
   569 | D        | Found a basalt altar of Yredelemnul.
   569 | D        | Found a glowing golden altar of the Shining One.
   569 | D        | Found a snail-covered altar of Cheibriados.
   569 | D        | Found a sacrificial altar of Ru.
   569 | D        | Found a glowing silver altar of Zin.
   569 | D        | Found a shadowy altar of Dithmenos.
   569 | D        | Found a white marble altar of Elyvilon.
   569 | D        | Noticed a yak
   582 | D        | Found an opulent altar of Gozag.
   585 | D        | Found a sparkling altar of Nemelex Xobeh.
   593 | D        | Killed a yak
   594 | D        | Reached skill level 15 in Stealth
   594 | D        | Reached XP level 7. HP: 36/43 MP: 7/7
   595 | D        | Became a worshipper of Warmaster Okawaru
   618 | D        | Killed a hornet
   663 | D        | Found a burning altar of Makhleb.
   663 | D        | Found a viscous altar of Jiyva.
   663 | D        | Found a shimmering altar of Xom.
   663 | D        | Found a corrupted altar of Lugonu.
   663 | D        | Noticed a slime creature
   666 | D        | Killed a slime creature
   667 | D        | Reached skill level 5 in Throwing
   667 | D        | Reached skill level 16 in Stealth
   690 | D        | Noticed Sonja
   693 | D        | Slain by Sonja

Illustrated notes

Levels and vault maps discovered:
D:        dungeon_sprint_1 [red_sonja_temple_1, red_sonja_temple_small_1]

Skill      XL: |  1  2  3  4  5  6  7 |
---------------+----------------------+-----
Short Blades   | 2 3 |  3.3
Throwing       | 2 3 4 5 |  5.2
Stealth        | 7 10 13 15 16 | 16.0
Fighting       | 3 4 |  4.2
Dodging        | 1 |  1.5

Action                   |  1- 3 |  4- 6 |  7- 9 || total
-------------------------+-------+-------+-------++-------
Melee: Dagger            |    10 |     2 |     1 ||    13
Throw: Dart              |     2 |    19 |     3 ||    24
  Use: Potion            |     1 |       |       ||     1
 Stab: Sleeping          |     1 |     1 |     1 ||     3
Armor: Robe              |     2 |     1 |     2 ||     5
Dodge: Dodged            |     4 |     5 |     1 ||    10
